 Dungeon Crawl Stone Soup version 0.26-a0-357-gd2331e5 (webtiles) character file.

Game seed: 16114613627094435699

6 Anno the Vexing (level 1, -1/11 HPs)
             Began as a Deep Elf Arcane Marksman on July 17, 2020.
             Slain by a hobgoblin
             ... wielding a +0 club
              (6 damage)
             ... on level 1 of the Dungeon.
             The game lasted 00:03:49 (569 turns).

Anno the Vexing (Deep Elf Arcane Marksman)           Turns: 569, Time: 00:03:49

Health: -1/11      AC:  2    Str:  7    XL:     1   Next: 75%
Magic:  3/5        EV: 13    Int: 17    God:
Gold:   0          SH:  0    Dex: 15    Spells: 2/3 levels left

rFire    . . .     SeeInvis .   b - +0 dagger
rCold    . . .     Faith    .   (no shield)
rNeg     . . .     Spirit   .   e - +0 robe
rPois    .         Reflect  .   (no helmet)
rElec    .         Harm     .   (no cloak)
rCorr    .                      (no gloves)
MR       .....                  (no boots)
Stlth    +.........             (no amulet)
HPRegen  0.03/turn              (no ring)
MPRegen  0.09/turn              (no ring)

@: very slightly contaminated
A: no striking features
a: no special abilities


You were on level 1 of the Dungeon.
You visited 1 branch of the dungeon, and saw 1 of its levels.

Inventory:

Hand Weapons
 a - a +0 shortbow
 b - a +0 dagger (weapon)
Missiles
 d - 36 arrows
Armour
 e - a +0 robe (worn)


   Skills:
 - Level 0.7 Fighting
 + Level 3.5 Bows
 - Level 2.4 Dodging
 - Level 1.5 Spellcasting
 - Level 4.0 Hexes


You had 2 spell levels left.
You knew the following spells:

 Your Spells              Type           Power        Failure   Level
a - Corona                Hex            ##.....      4%          1

Your spell library contained the following spells:

 Spells                   Type           Power        Failure   Level
 Slow                     Hex            ##......     6%          2
 Inner Flame              Hex/Fire       #.......     26%         3
 Portal Projectile        Hex/Tloc       #.....       26%         3
 Cause Fear               Hex            ##........   36%         4
 Leda's Liquefaction      Hex/Erth       #.........   65%         4


Dungeon Overview and Level Annotations

Branches:
Dungeon (1/15)

Altars:


Message History

The hobgoblin hits you with a +0 club.
You hit the hobgoblin.
The hobgoblin is severely wounded.
The hobgoblin hits you with a +0 club.
Casting: Corona (safe; 4% risk of failure)
Confirm with . or Enter, or press ? or * to list all spells.
Aiming: Corona (safe; 4% risk of failure)
Press: ? - help, Shift-Dir - straight line, f/p - hobgoblin
Aim: a hobgoblin, wielding a +0 club (severely wounded, chance to defeat MR: 68%)
You miscast Corona.
You are very lightly contaminated with residual magic.
Nothing appears to happen.
The hobgoblin misses you.
Casting: Corona (safe; 4% risk of failure)
Confirm with . or Enter, or press ? or * to list all spells.
Aiming: Corona (safe; 4% risk of failure)
Press: ? - help, Shift-Dir - straight line, f/p - hobgoblin
Aim: a hobgoblin, wielding a +0 club (severely wounded, chance to defeat MR: 68%)
The hobgoblin barely resists.
The hobgoblin hits you with a +0 club.
Ouch! That really hurt!
You die...

# # #. #.
.#.#.############### #.#
....(.(....g@....... ...
..(........######### #.#
(..(..(....# # #.#
...........####### #.#.#
....#.#...รท......####.#.####
...........................#
........###.......#####.##.#
###....................##.#
.......$#.......#####.##.#


You could see a hobgoblin.

Vanquished Creatures
  A giant cockroach (D:1)
  2 jackals (D:1)
  A bat (D:1)
  A frilled lizard (D:1)
  A rat (D:1)
6 creatures vanquished.

Notes
Turn   | Place    | Note
-------+----------+-------------------------------------------
     0 | D:1      | Anno the Deep Elf Arcane Marksman began the quest for the
                  | Orb.
     0 | D:1      | Reached XP level 1. HP: 11/11 MP: 5/5
   569 | D:1      | Slain by a hobgoblin

Illustrated notes

Levels and vault maps discovered:
D:1:      psy_arrival_radial01, layout_basic, dk_noncrumbling_3,
          amethyst_killhole, minmay_misc_feat_plants

Skill      XL: |  1 |
---------------+----+-----
Bows           | 3 |  3.5
Fighting       | |  0.7
Dodging        | |  2.4
Spellcasting   | |  1.5
Hexes          | |  4.0

Action                   || total
-------------------------++-------
Melee: Dagger            ||    41
 Fire: Shortbow          ||    14
 Cast: Corona            ||    10
Armor: Robe              ||    11
Dodge: Dodged            ||    29

Table legend:
 A = Non-vault XP
 B = Vault XP
 C = Vault XP percentage of total XP
 D = Non-vault monster count
 E = Vault monster count
 F = Vault count percentage of total count
                 A         B        C        D         E       F
            +---------+---------+-------+---------+---------+-------
      Total |       9 |       0 |   0.0 |       6 |       0 |   0.0
            +---------+---------+-------+---------+---------+-------
        D:1 |       9 |       0 |   0.0 |       6 |       0 |   0.0
            +---------+---------+-------+---------+---------+-------
